 Dungeon Crawl Stone Soup version 0.23.2-40-g277498a001 (webtiles) character file.

Game seed: 11644745972781933697

118 FishyPogo the Conjurer (level 4, -1/33 HPs)
             Began as a Draconian Conjurer on Sept 21, 2019.
             Slain by Edmund
             ... wielding a +1 flail of crushing
              (4 damage)
             ... on level 4 of the Dungeon on Sept 22, 2019.
             The game lasted 00:15:02 (3016 turns).

FishyPogo the Conjurer (Draconian Conjurer)         Turns: 3016, Time: 00:15:03

Health: -1/33      AC:  5    Str: 13    XL:     4   Next: 72%
Magic:  0/8        EV: 12    Int: 17    God:
Gold:   185        SH:  0    Dex: 11    Spells: 1/8 levels left

rFire    . . .     SeeInvis +   n - +0 long sword
rCold    . . .     Gourm    .   (no shield)
rNeg     . . .     Faith    .   (armour unavailable)
rPois    .         Spirit   .   (helmet restricted)
rElec    .         Reflect  .   (no cloak)
rCorr    .         Harm     .   (no gloves)
MR       .....                  (no boots)
Stlth    ++........             (no amulet)
HPRegen  0.11/turn              y - +3 ring of strength
MPRegen  0.11/turn              r - ring of see invisible

@: no status effects
A: unfitting armour, cold-blooded, AC +5
a: no special abilities


You were on level 4 of the Dungeon.
You were not hungry.

You visited 1 branch of the dungeon, and saw 4 of its levels.

You collected 185 gold pieces.

Inventory:

Hand Weapons
 f - a +0 short sword of venom
 n - a +0 long sword (weapon)
Missiles
 e - 131 stones (quivered)
Jewellery
 m - an uncursed ring of fire
 q - an uncursed ring of protection from fire
 r - a ring of see invisible (right hand)
 y - a +3 ring of strength (left hand)
Wands
 t - a wand of paralysis (10)
 w - a wand of enslavement (1)
Scrolls
 a - 5 scrolls of identify {unknown}
 c - 3 scrolls of magic mapping {unknown}
 g - 2 scrolls of amnesia {unknown}
 k - 5 scrolls of teleportation {unknown}
 o - 5 scrolls of remove curse {unknown}
 s - a scroll of random uselessness {unknown}
 u - a scroll of fog {unknown}
 v - a scroll of enchant armour {unknown}
Potions
 d - 2 potions of curing {unknown}
 h - a potion of flight {unknown}
 l - a potion of mutation {unknown}
 p - a potion of lignification {unknown}
Comestibles
 b - 6 rations


   Skills:
 + Level 2.5 Dodging
 + Level 2.6 Stealth
 + Level 2.6 Spellcasting
 * Level 4.9 Conjurations
 * Level 0.1 Translocations


You had one spell level left.
You knew the following spells:

 Your Spells              Type           Power        Failure   Level  Hunger
a - Magic Dart            Conj           ###.         2%          1    #......
b - Searing Ray           Conj           ###...       3%          2    ##.....
c - Force Lance           Conj/Tloc      ##......     54%         4    #####..

Your spell library contained the following spells:

 Spells                   Type           Power        Failure   Level  Hunger
 Dazzling Spray           Conj/Hex       ##....       21%         3    ###....
 Iskenderun's Mystic Bla  Conj           ###.....     24%         4    #####..
 Fulminant Prism          Conj/Hex       ##........   54%         4    #####..


Dungeon Overview and Level Annotations

Branches:
Dungeon (4/15)
 Temple: D:4-7

Altars:
Gozag

Annotations:
D:4 Blork the orc, Edmund, Menkaure


Innate Abilities, Weirdness & Mutations

Your plain brown scales are hard. (AC +5)
You cannot fit into any form of body armour.
You are cold-blooded and may be slowed by cold attacks.


Message History

Edmund hits you with a +1 flail of crushing.
You hit Edmund.
Your tail-slap misses Edmund.
Edmund is severely wounded.
Edmund hits you but does no damage.
It was a potion of agility.
You feel agile all of a sudden. Edmund closely misses you.
You slash Edmund!
Edmund is almost dead.
Edmund misses you.
You closely miss Edmund.
Edmund is almost dead.
Edmund hits you with a +1 flail of crushing.
* * * LOW HITPOINT WARNING * * *
x2 It was a potion of cancellation.
Your magical effects are unravelling.
You feel magically purged.
You feel a little less agile now.
Edmund hits you with a +1 flail of crushing.
You die...

#######
......###############.$.
................@..$...>
......##########@#.##...
.....## #.# # .....##
#.# ####..# #.# ##.# ..#
#.## #....#### #..#
#.......# #
##.###.......#


You could see Edmund.

Vanquished Creatures
  An orc wizard (D:4)
  2 adders
  An ooze (D:1)
  A worm (D:2)
  2 leopard geckos (D:4)
  4 orcs (D:4)
  A ball python (D:1)
  4 giant cockroaches
  3 goblins
  4 hobgoblins
  11 jackals (D:1)
  4 kobolds
  5 bats (D:2)
  5 frilled lizards
  9 rats
57 creatures vanquished.

Notes
Turn   | Place    | Note
-------+----------+-------------------------------------------
     0 | D:1      | FishyPogo the Draconian Conjurer began the quest for the
                  | Orb.
     0 | D:1      | Reached XP level 1. HP: 14/14 MP: 3/3
   414 | D:1      | Reached XP level 2. HP: 20/20 MP: 0/5
   488 | D:1      | Learned a level 2 spell: Searing Ray
   872 | D:1      | Reached XP level 3. HP: 23/26 MP: 4/6
  1542 | D:2      | Found an opulent altar of Gozag.
  2232 | D:3      | Reached XP level 4. HP: 31/33 MP: 0/7
  2636 | D:4      | Learned a level 4 spell: Force Lance
  2677 | D:4      | Noticed Blork the orc
  2751 | D:4      | Noticed Menkaure
  3000 | D:4      | Noticed Edmund
  3016 | D:4      | Slain by Edmund

Skill      XL: |  1  2 |
---------------+-------+-----
Stealth        | 2 |  2.6
Dodging        | 2 |  2.5
Spellcasting   | |  2.6
Conjurations   | |  4.9
Translocations | |  0.1

Action                   |  1- 3 |  4- 6 || total
-------------------------+-------+-------++-------
Melee: Unarmed           |   101 |       ||   101
       Tailslap          |    14 |     1 ||    15
       Long sword        |    17 |    24 ||    41
 Cast: Magic Dart        |    75 |    25 ||   100
       Searing Ray       |     6 |     1 ||     7
  Use: Potion            |       |     2 ||     2
 Stab: Sleeping          |     3 |       ||     3
  Eat: Chunk             |     5 |     3 ||     8
Armor: Skin              |    41 |    15 ||    56
Dodge: Dodged            |   114 |    19 ||   133
       Rpst.: Long sword |    10 |     4 ||    14
